 Dungeon Crawl Stone Soup version 0.18-a0-1562-gac8da35 (webtiles) character file.

11727 Ace the Destroyer (level 11, -1/54 HPs)
             Began as a Tengu Conjurer on Mar 13, 2016.
             Was an Elder of Vehumet.
             Slain by a komodo dragon (26 damage)
             ... on level 2 of the Lair of Beasts.
             The game lasted 00:41:08 (19336 turns).

Ace the Destroyer (Tengu Conjurer)                 Turns: 19336, Time: 00:41:08

Health: -1/54      AC:  7    Str: 12    XL:     11   Next: 82%
Magic:  18/26      EV: 12    Int: 24    God:    Vehumet [****..]
Gold:   532        SH:  0    Dex: 15    Spells: 7 memorised, 12 levels left

rFire  . . .     SeeInvis .     (no weapon)
rCold  . . .     Gourm    .     E - +1 leather armour "Udwaxtir" {rN+ Str+4 Int+5}
rNeg   + . .     Faith    .     (no shield)
rPois  +         Spirit   .     m - +2 hat
rElec  .         Dismiss  .     y - +0 cloak
rCorr  .         Reflect  .     (no gloves)
SustAt .         Harm     .     (boots unavailable)
MR     .....                    d - amulet of regeneration
Stlth  ++........               (no ring)
                                q - ring of poison resistance

@: about to teleport, not resistant to hostile enchantments, unstealthy
A: beak, talons 3, able to fly 1
a: Fly, Renounce Religion


You were on level 2 of the Lair of Beasts.
You worshipped Vehumet.
Vehumet was greatly pleased with you.
You were not hungry.

You visited 3 branches of the dungeon, and saw 12 of its levels.

You collected 532 gold pieces.

Inventory:

Armour
 m - a +2 hat (worn)
 p - a +1 robe
 u - a +0 buckler
 y - a +0 cloak (worn)
 E - the +1 leather armour "Udwaxtir" (worn) {rN+ Str+4 Int+5}
   (You found it on level 7 of the Dungeon)

   It affects your strength (+4).
   It affects your intelligence (+5).
   It protects you from negative energy.
Jewellery
 d - an amulet of regeneration (around neck)
 q - a ring of poison resistance (left hand)
 G - a +4 ring of dexterity {unknown}
 J - a +3 ring of evasion {unknown}
 L - an uncursed ring of protection from magic {unknown}
Wands
 r - a wand of teleportation (2/9)
 A - a wand of digging (24/24)
Scrolls
 e - 6 scrolls of identify
 f - 9 scrolls of remove curse
 h - a scroll of holy word
 j - 4 scrolls of immolation
 n - 2 scrolls of enchant armour
 s - a scroll of noise
 F - 3 scrolls of enchant weapon
Potions
 a - 3 potions of resistance
 k - a potion of magic
 l - a potion of ambrosia
 o - a potion of lignification
 v - 3 potions of brilliance
 w - a potion of cancellation
 z - 3 potions of haste
 C - 4 potions of flight
Books
 b - a book of Conjurations

   Spells                             Type                      Level
   a - Magic Dart                     Conjuration                  1
   b - Searing Ray                    Conjuration                  2
   c - Dazzling Spray                 Conjuration/Hexes            3
   d - Fulminant Prism                Conjuration/Hexes            4
   e - Iskenderun's Mystic Blast      Conjuration                  4
   f - Iskenderun's Battlesphere      Conjuration/Charms           5
 t - a book of the Warp

   Spells                             Type                      Level
   a - Recall                         Summoning/Translocation      3
   b - Gell's Gravitas                Hexes/Translocation          3
   c - Force Lance                    Conjuration/Translocation    4
   d - Warp Weapon                    Charms/Translocation         5
   e - Summon Forest                  Summoning/Translocation      5
Comestibles
 c - 8 bread rations
 i - 4 meat rations
 x - a chunk of flesh
 B - 19 fruits
 D - a slice of pizza
 K - 3 beef jerkies
 M - 7 royal jellies


   Skills:
 - Level 4.1 Armour
 - Level 2.1 Dodging
 - Level 2.8 Stealth
 - Level 10.6 Spellcasting
 + Level 13.7 Conjurations
 * Level 5.7 Fire Magic
 - Level 10.0 Air Magic


You had 12 spell levels left.
You knew the following spells:

 Your Spells              Type           Power        Failure   Level  Hunger
a - Magic Dart            Conj           ####         1%          1    None
b - Searing Ray           Conj           ######       1%          2    None
c - Iskenderun's Mystic   Conj           ######..     1%          4    None
d - Iskenderun's Battles  Conj/Chrm      #####...     3%          5    ####...
e - Throw Flame           Conj/Fire      ######       1%          2    None
f - Flame Tongue          Conj/Fire      #####        1%          1    None
g - Airstrike             Air            ######....   1%          4    None


Dungeon Overview and Level Annotations

Branches:
Dungeon (9/15)             Temple (1/1) D:6            Lair (2/8) D:9
    Orc: D:9-12

Altars:
Ashenzari
Cheibriados
Dithmenos
Elyvilon
Fedhas
Gozag
Kikubaaqudgha
Makhleb
Nemelex Xobeh
Okawaru
Pakellas
Qazlal
Ru
Sif Muna
Trog
Vehumet
Xom
Yredelemnul
Zin
The Shining One

Shops:
D:7 :


Innate Abilities, Weirdness & Mutations

You have a beak for a mouth.
You have claws for feet.
You can fly.


Message History

The komodo dragon is lightly wounded.
The orb of energy explodes!
The komodo dragon bites you!
Casting: Iskenderun's Mystic Blast
Confirm with . or Enter, or press ? or * to list all spells.
Aiming: Airstrike
Press: ? - help, Dir - move target cursor, f/p - komodo dragon
Aim: a komodo dragon (lightly wounded)
The air twists around and strikes the komodo dragon!
The komodo dragon is moderately wounded.
The komodo dragon bites you but does no damage.
Read which item? (? for menu, Esc to quit)
You don't have any such object.
Read which item? (? for menu, Esc to quit)
You don't have any such object.
Read which item? (? for menu, Esc to quit)
You can't read that!
Read which item? (? for menu, Esc to quit)
As you read the scroll of teleportation, it crumbles to dust.
You feel strangely unstable. The komodo dragon bites you!!
You die...

..............##.##......##.#
...≈.........#.#.#P..#.[P##.#
..≈≈........................#
.≈≈≈≈.......##..............#
.≈≈≈≈.......##.........##.#..
≈≈≈≈≈≈....P.......##.#..##...
≈≈≈≈≈≈≈≈..........#......##..
≈≈≈≈≈≈≈≈≈≈...........#.P.....
≈§≈≈≈≈≈.....@.......≈≈≈≈.....
≈≈≈≈≈§......l.......#≈≈#....#
≈≈≈≈≈≈...............#.......
.≈≈≈≈.............#.......#..
...≈≈.........#...###..##P#..
..≈..........#...##....###..
...........#....P......
.......................
........... ...


You could see a komodo dragon.

Vanquished Creatures
  A black mamba (Lair:1)
  A spiny frog (Lair:1)
  2 komodo dragons (Lair:1)
  A queen bee (D:9)
  Grinder (D:6)
  3 blink frogs (Lair:1)
  Sigmund (D:4)
  21 yaks
  3 hippogriffs (Lair:1)
  Menkaure (D:7)
  4 porcupines (Lair:1)
  2 water moccasins
  2 orc warriors (D:7)
  2 sky beasts
  2 phantoms
  8 ogres
  5 centaurs
  3 crocodiles
  A big kobold (D:9)
  2 elf zombies (D:5)
  3 giant frogs
  2 elf skeletons (D:5)
  A scorpion (D:7)
  18 killer bees (D:9)
  7 wights
  An electric eel (Lair:1)
  A howler monkey (D:9)
  3 crimson imps
  2 giant frog zombies
  2 human zombies (D:5)
  5 orc priests
  Crazy Yiuf (D:4)
  A centaur skeleton (D:4)
  6 hounds
  A jelly (D:9)
  2 giant frog skeletons
  A gnoll shaman (D:6)
  Natasha (twice) (D:2)
  5 iguanas
  10 orc wizards
  5 worker ants
  18 adders
  7 gnolls
  A howler monkey skeleton (D:8)
  8 river rats (Lair:1)
  3 shadow imps
  A worm (D:3)
  A dart slug (D:1)
  5 giant geckos
  50 orcs
  A ball python (D:7)
  4 giant cockroaches
  11 goblins
  9 hobgoblins
  7 jackals
  17 kobolds
  8 quokkas
  10 bats
  A giant gecko zombie (D:5)
  4 giant newts
  A jackal zombie (D:5)
  2 quokka skeletons
  A quokka zombie (D:7)
  39 rats
  A butterfly (D:1)
355 creatures vanquished.

Vanquished Creatures (others)
  A fungus (Lair:1)
  A plant (Lair:1)
2 creatures vanquished.

Grand Total: 357 creatures vanquished

Notes
Turn   | Place    | Note
--------------------------------------------------------------
     0 | D:1      | Ace the Tengu Conjurer began the quest for the Orb.
     0 | D:1      | Reached XP level 1. HP: 10/10 MP: 4/4
   171 | D:1      | Reached XP level 2. HP: 15/15 MP: 1/6
   304 | D:1      | Learned a level 2 spell: Searing Ray
  1233 | D:1      | Reached XP level 3. HP: 19/19 MP: 5/8
  1747 | D:2      | Noticed Natasha
  1758 | D:2      | Killed Natasha
  1875 | D:2      | Reached skill level 6 in Conjurations
  1875 | D:2      | Reached XP level 4. HP: 24/24 MP: 3/10
  2060 | D:2      | Learned a level 4 spell: Iskenderun's Mystic Blast
  3030 | D:2      | Found a shimmering altar of Xom.
  3031 | D:2      | Found a shimmering altar of Xom.
  3031 | D:2      | Found a shimmering altar of Xom.
  3033 | D:2      | Found a shimmering altar of Xom.
  3033 | D:2      | Found a shimmering altar of Xom.
  3033 | D:2      | Found a shimmering altar of Xom.
  3044 | D:2      | Noticed Natasha
  3053 | D:2      | Killed Natasha
  3053 | D:2      | Gained mutation: You can fly. [Tengu growth]
  3053 | D:2      | Reached XP level 5. HP: 24/28 MP: 7/12
  3198 | D:2      | Learned a level 5 spell: Iskenderun's Battlesphere
  3201 | D:2      | Found a bloodstained altar of Trog.
  4374 | D:3      | Found a white marble altar of Elyvilon.
  4374 | D:3      | Found a blossoming altar of Fedhas.
  4506 | D:3      | Reached XP level 6. HP: 32/32 MP: 9/14
  5076 | D:3      | Reached skill level 5 in Spellcasting
  5586 | D:4      | Noticed Sigmund
  5846 | D:4      | Killed Sigmund
  5846 | D:4      | Reached skill level 7 in Conjurations
  5905 | D:4      | Reached XP level 7. HP: 32/36 MP: 5/16
  6159 | D:4      | Found a shattered altar of Ashenzari.
  6199 | D:4      | Found a burning altar of Makhleb.
  7050 | D:4      | Noticed Crazy Yiuf
  7055 | D:4      | Killed Crazy Yiuf
  7204 | D:4      | Reached skill level 8 in Conjurations
  7328 | D:5      | Entered Level 5 of the Dungeon
  7686 | D:5      | Reached XP level 8. HP: 30/41 MP: 13/19
  7912 | D:5      | HP: 1/41 [elf zombie (6)]
  7991 | D:5      | Found a sand-covered staircase.
  8277 | D:5      | Reached skill level 9 in Conjurations
  9474 | D:6      | Reached XP level 9. HP: 45/45 MP: 9/22
  9809 | D:6      | Found a staircase to the Ecumenical Temple.
  9958 | Temple   | Entered the Ecumenical Temple
  9967 | Temple   | Became a worshipper of Vehumet
 10646 | D:6      | Noticed Grinder
 10650 | D:6      | Reached skill level 10 in Conjurations
 10672 | D:6      | Paralysed by Grinder for 2 turns
 10678 | D:6      | Paralysed by Grinder for 7 turns
 10686 | D:6      | Killed Grinder
 11353 | D:7      | Learned a level 4 spell: Force Lance
 11380 | D:7      | Got a faintly humming leather armour
 11551 | D:7      | Reached * piety under Vehumet
 11551 | D:7      | Offered knowledge of Flame Tongue by Vehumet.
 11670 | D:7      | Learned a level 1 spell: Flame Tongue
 11727 | D:7      | Found Jaimpeasm's Book Boutique.
 11851 | D:7      | Found a snail-covered altar of Cheibriados.
 11994 | D:7      | Noticed Menkaure
 11997 | D:7      | Killed Menkaure
 11997 | D:7      | Reached skill level 1 in Fire Magic
 12565 | D:8      | Reached skill level 10 in Spellcasting
 12780 | D:8      | Reached skill level 11 in Conjurations
 12785 | D:8      | Reached ** piety under Vehumet
 12785 | D:8      | Offered knowledge of Throw Flame by Vehumet.
 12789 | D:8      | Learned a level 2 spell: Throw Flame
 12986 | D:7      | Reached XP level 10. HP: 37/50 MP: 12/25
 13971 | D:9      | Found a staircase to the Lair.
 14133 | D:9      | Identified the cursed +1 leather armour "Udwaxtir" {rN+ Str+4 Int+5} (You found it on level 7 of the Dungeon)
 14171 | D:9      | Reached skill level 1 in Armour
 14348 | D:9      | Offered knowledge of Inner Flame by Vehumet.
 15527 | D:9      | Reached *** piety under Vehumet
 15531 | D:9      | Reached skill level 12 in Conjurations
 15972 | Lair:1   | Entered Level 1 of the Lair of Beasts
 15997 | D:9      | Offered knowledge of Airstrike by Vehumet.
 15997 | D:9      | Reached skill level 5 in Fire Magic
 16070 | D:9      | Learned a level 4 spell: Airstrike
 16096 | D:9      | Reached skill level 1 in Air Magic
 16418 | Lair:1   | Reached XP level 11. HP: 54/54 MP: 19/26
 16640 | Lair:1   | Reached skill level 5 in Air Magic
 17159 | Lair:1   | Reached skill level 13 in Conjurations
 17308 | Lair:1   | Reached **** piety under Vehumet
 17843 | Lair:1   | Offered knowledge of Lee's Rapid Deconstruction by Vehumet.
 19171 | Lair:1   | Reached skill level 10 in Air Magic
 19336 | Lair:2   | Slain by a komodo dragon

Vault maps used:
D:1:      lightli_arrival_windingriver, hangedman_glass_garden,
          dk_noncrumbling_3
D:2:      bloody_trog, xom_redecorated, uniq_natasha
D:3:      gammafunk_temple_overflow_pools, minmay_rats_cheesy_pizza
D:4:      old_standard_altar, makhleb_grotto_becter, first_bread,
          uniq_crazy_yiuf_cottage, uniq_sigmund
D:5:      nicolae_ossuary_entry_catacombs
D:6:      minmay_temple_entry_large_hall, uniq_grinder
D:7:      cheibriados_altar_wand_db, serial_shops, shop, uniq_menkaure
D:9:      lair_0_dummy, david_nohive_1
Temple:   circular_temple_13
Lair:1:   st_stairs_11, nicolae_quartered_pool_super, lemuel_fruit_fields,
          grunt_megastairs_4
Lair:2:   lemuel_old_faithful, serial_bayou_shore_a

Skill      XL: |  1  2  3  4  5  6  7  8  9 10 11 |
---------------+----------------------------------+-----
Spellcasting   | 3 4 5 6 8 10 | 10.6
Conjurations   | 6 7 8 9 11 12 13 | 13.7
Fire Magic     | 2 5 |  5.7
Armour         | 4 |  4.1
Air Magic      | 3 10 | 10.0
Dodging        | |  2.1
Stealth        | |  2.8

Action                   |  1- 3 |  4- 6 |  7- 9 | 10-12 || total
-------------------------+-------+-------+-------+-------++-------
Melee: Unarmed           |     2 |     3 |     3 |     4 ||    12
 Cast: Magic Dart        |    52 |    78 |    67 |     9 ||   206
       Searing Ray       |     5 |    27 |    86 |    25 ||   143
       Iskenderun's Myst |       |     5 |    51 |    67 ||   123
       Flame Tongue      |       |       |     3 |       ||     3
       Throw Flame       |       |       |     1 |   144 ||   145
       Airstrike         |       |       |       |    57 ||    57
  Use: Potion            |       |       |     2 |       ||     2
       Scroll            |       |       |    21 |    10 ||    31
  Eat: Chunk             |     3 |    11 |    24 |    21 ||    59
       Royal jelly       |       |     1 |       |       ||     1
       Pizza             |       |     1 |       |       ||     1
       Beef jerky        |       |       |     1 |       ||     1
